AoeStats
← Asheqer

Arena

509597670Analyzed
1v1 RM · 3d ago on Sep 27, 2026· 52m 8s· 2 players
Game mode
Random Map
Map size
Tiny (2 player)
Population
200
Speed
Normal
Resources
Standard
Victory
Conquest
Starting age
Dark Age
Ending age
Imperial Age
RankedLock teamsTeams togetherTeam positionsShared explorationLock speedFull tech treeHidden civsTurbo modeCheats
Victory
Defeat
🇺🇸 Tatars · United States
788
+17
🇬🇧 Bohemians · United Kingdom
801
-17
evarku
10:22 Feudal Age
8:53 Loom
12:36 Wheelbarrow
12:09 Double-Bit Axe
12:10 Horse Collar
15:21 Wheelbarrow
19:28 Castle Age
17:39 Stone Mining
18:58 Bloodlines
18:59 Scale Barding Armor
20:32 Gold Mining
21:30 Heavy Plow
21:43 Bow Saw
22:12 Gold Shaft Mining
22:21 Husbandry
24:51 Town Watch
27:01 Fletching
27:13 Padded Archer Armor
27:35 Chain Barding Armor
27:26 Forging
28:28 Bodkin Arrow
28:49 Leather Archer Armor
29:52 Ballistics
35:52 Imperial Age
33:41 Hand Cart
34:24 Masonry
33:56 Treadmill Crane
34:30 Masonry
34:18 Elite Skirmisher
35:38 Iron Casting
36:24 Silk Armor
36:59 Conscription
36:49 Bracer
39:20 Timurid Siegecraft
42:03 Chemistry
42:15 Town Patrol
42:50 Crop Rotation
43:00 Ring Archer Armor
43:06 Plate Barding Armor
43:32 Blast Furnace
42:04 Heavy Cavalry Archer
44:10 Siege Engineers
44:04 Murder Holes
49:07 Elite Keshik
Asheqer
12:29 Feudal Age
12:36 Feudal Age
17:51 Castle Age
16:28 Double-Bit Axe
16:27 Horse Collar
17:46 Loom
20:38 Bow Saw
22:27 Chemistry
24:33 Heavy Plow
28:44 Wheelbarrow
28:40 Loom
29:44 Padded Archer Armor
33:10 Pikeman
35:39 Hand Cart
35:47 Squires
38:32 Scale Mail Armor
38:43 Forging
44:31 Imperial Age
48:54 Ballistics
48:52 Fortified Wall
Connection lost

Rejoining the realm…

Still unreachable

The connection could not be restored.

Session expired

The server has moved on; the page needs a fresh start.